 Dungeon Crawl Stone Soup version 0.30-a0-622-gddc90eaa04 (webtiles) character file.

Game seed: 3913951944865918789

3676 bmack86 the Fighter (level 9, 0/85 HPs)
             Began as a Minotaur Fighter on Jan 11, 2023.
             Was a Priest of Okawaru.
             Slain by an orc knight
             ... wielding a +0 glaive
              (24 damage)
             ... in a bailey.
             The game lasted 00:18:49 (6331 turns).

bmack86 the Fighter (Minotaur Fighter)              Turns: 6331, Time: 00:18:49

Health: 0/85       AC: 26    Str: 24    XL:     9   Next: 89%
Magic:  5/11       EV: 10    Int:  5    God:    Okawaru [***...]
Gold:   131        SH:  7    Dex: 11    Spells: 8/8 levels left

rFire   . . .      SeeInvis .    a - +1 war axe
rCold   . . .      Faith    .    c - +0 buckler
rNeg    . . .      Spirit   .    F - +0 chain mail
rPois   .          Reflect  .    (helmet restricted)
rElec   .          Harm     .    (no cloak)
rCorr   .          Rampage  .    m - +1 pair of gloves
Will    .....                    A - +2 pair of boots Stlth
                                 (no amulet)
HPRegen 0.34/turn                f - +4 ring of protection
MPRegen 0.12/turn                l - +4 ring of protection

@: heroic
A: horns 2, retaliatory headbutt
a: Renounce Religion, Heroism


You were in a bailey.
You worshipped Okawaru.
Okawaru was most pleased with you.
You visited 1 branch of the dungeon, and saw 7 of its levels.
You also visited: Sewer and Bailey.

You collected 335 gold pieces.
You spent 204 gold pieces at shops.

Inventory:

Hand Weapons
 a - a +1 war axe (weapon)
Missiles
 b - 3 poisoned darts (quivered)
Armour
 c - a +0 buckler (worn)
 m - a +1 pair of gloves (worn)
 A - a +2 pair of boots (worn)
 F - a +0 chain mail (worn)
Jewellery
 f - a +4 ring of protection (left hand)
 k - a +6 ring of intelligence
 l - a +4 ring of protection (right hand)
 q - a +5 ring of evasion
Wands
 r - a wand of roots (9)
 t - a wand of flame (18)
 v - a wand of digging (8)
Scrolls
 g - 2 scrolls of teleportation
 i - 2 scrolls of magic mapping
 j - a scroll of fear
 s - 2 scrolls of immolation
 w - 2 scrolls of enchant weapon
 x - a scroll of blinking
 E - a scroll of brand weapon
Potions
 d - 3 potions of might
 e - 3 potions of resistance
 h - a potion of heal wounds {unknown}
 n - a potion of experience
 o - a potion of brilliance
 p - 2 potions of invisibility
 u - 2 potions of haste
 z - a potion of flight {unknown}
 B - 3 potions of curing
 C - 2 potions of cancellation


   Skills:
 * Level 9.9(14.9) Fighting
 * Level 9.5(14.5) Axes
 + Level 2.5(7.5) Throwing
 + Level 7.4(12.4) Armour
 + Level 7.4(12.4) Shields
 + Level 4.0 Invocations


You had 8 spell levels left.
You didn't know any spells.
Your spell library contained the following spells:

 Spells                   Type           Power      Damage    Failure   Level
 Cigotuvi's Dreadful Rot  Necr/Pois/Air  0%         N/A       99%         2
 Poisonous Vapours        Pois/Air       0%         N/A       99%         2
 Inner Flame              Hex/Fire       0%         N/A       100%        3
 Mephitic Cloud           Conj/Pois/Air  0%         N/A       100%        3
 Cause Fear               Hex            0%         N/A       100%        4
 Petrify                  Tmut/Erth      0%         N/A       100%        4
 Metabolic Englaciation   Hex/Ice        0%         N/A       100%        5
 Statue Form              Tmut/Erth      0%         N/A       100%        6
 Discord                  Hex            0%         N/A       100%        8


Dungeon Overview and Level Annotations

Branches:
Dungeon (7/15)             Temple (0/1) D:7           Sewer (visited)
 Bailey (1/1)

Altars:
Elyvilon
Fedhas
Gozag
Hepliaklqana
Okawaru
Zin

Shops:
D:5 *   D:7 ?


Innate Abilities, Weirdness & Mutations

You have a pair of horns on your head.
You reflexively headbutt those who attack you in melee.


Message History

There is an open door here.
You enter the shallow water.
Moving in this stuff is going to be slow.
You can now deal lightning-fast blows.
You gain the combat prowess of a mighty hero.
You can no longer speed up your combat.
You open the gate.
Found a potion of experience.
Found two gates leading back out of this place.
There is an open gate here.
n - a potion of experience You open the door. 2 orc knights come into view.
The orc knight shouts! x2
The orc knight roars a battlecry!
The orc knight goes into a battle-frenzy!
The orc knight roars a battlecry!
The orc knight goes into a battle-frenzy!
Found a small sapphire amulet and a glowing spear.
The orc knight hits you from afar with a +0 glaive!!
The orc knight closely misses you.
There is an open door, spattered with blood here.
The orc knight hits you with a +0 glaive.
You block the orc knight's attack. The orc knight barely misses you.
You block the orc knight's attack.
You slash the orc knight!
The orc knight is lightly wounded.
The orc knight hits you with a +0 glaive!!
The orc knight hits you from afar with a +0 glaive!
* * * LOW HITPOINT WARNING * * *
You hit the orc knight but do no damage.
The orc knight is lightly wounded.
You hit the orc knight but do no damage.
You headbutt the orc knight, but do no damage.
The orc knight is lightly wounded.
You hit the orc knight.
The orc knight is moderately wounded.
Your hands slow down.
The orc knight hits you with a +0 glaive!!
You die...

...≈≈#)##≈~~~~~~###~~~~~~≈##.#≈≈.
...~≈≈~≈≈≈~~~#########~~~≈≈≈~≈≈~.
...~~))~~~~~##~~~~~~~##~~~~~~)~~.
...~~~~~~~~##~~#'#'#~~##~~~~~))).
...~~~~~~~~#~~##.#)##~~#~~~~~~~~.
...~~~~~~~##~#########~##~~~~~~~.
...~~~~~~~##~')#)."#.'~##~~~~~~~.
...~~~~~~~##~###o8o###~##~~~~~~~.
...~~~~~~~##~')#@..#.'~##~~~~~~~.
...~~~~~~~##~####'####~##~~~~~~~.
...~~~~~~~~#~~##∩.∩##~~##~~~~~~~.
...~~~~~~~~##~~#'''##~~~~~~~~)~~.
...~~~~~~~~~##~~~~~##~~~~~~~~)~~.
...~≈≈~≈≈≈~~~##~~~~##~~~~≈≈≈~≈≈).
...≈≈#.##≈~~~~#######~~~~≈##.#≈≈.
...≈##.∩#≈~~~~~~~~~~~~~~~≈#∩.##≈.
...≈#....))~~~~~~~~~~~~~~~....#≈.


You could see 2 orc knights.

Vanquished Creatures
  Pikel (D:6)
  Grinder (D:3)
  Menkaure (D:6)
  A water moccasin (D:5)
  Duvessa (D:6)
  5 orc warriors (Bailey)
  2 sky beasts (D:6)
  A black bear (D:5)
  An ice beast (D:3)
  4 ogres
  A phantom (D:4)
  A lemure (D:6)
  Blork the orc (D:6)
  2 necrophages (D:6)
  4 bullfrogs
  A scorpion (D:4)
  Dowan (D:6)
  A howler monkey (D:5)
  6 hounds
  2 orc priests
  A gnoll bouda (D:5)
  3 iguanas
  2 jellies (D:6)
  Natasha (thrice) (D:3)
  4 orc wizards
  8 gnolls (D:5)
  9 adders
  2 river rats (D:5)
  4 ufetubi
  A worm (D:5)
  32 orcs
  16 endoplasms
  11 giant cockroaches
  14 goblins
  3 hobgoblins
  6 jackals
  6 kobolds
  8 quokkas
  13 ball pythons
  3 bats
  11 frilled lizards
  7 rats
205 creatures vanquished.

Notes
Turn   | Place    | Note
-------+----------+-------------------------------------------
     0 | D:1      | bmack86 the Minotaur Fighter began the quest for the Orb.
     0 | D:1      | Reached XP level 1. HP: 19/19 MP: 0/0
   239 | D:1      | Reached XP level 2. HP: 27/27 MP: 1/1
   801 | D:2      | Found an iron altar of Okawaru.
   822 | D:2      | Became a worshipper of Warmaster Okawaru
   989 | D:2      | Reached XP level 3. HP: 33/33 MP: 2/2
  1196 | D:3      | Noticed Natasha
  1205 | D:3      | Killed Natasha
  1209 | D:3      | Noticed Natasha
  1219 | D:3      | Killed Natasha
  1220 | D:3      | Reached XP level 4. HP: 22/41 MP: 3/3
  1445 | D:3      | Reached skill level 5 in Fighting
  1503 | D:3      | Found a faded altar of an unknown god.
  1539 | D:3      | Noticed Natasha
  1550 | D:3      | Killed Natasha
  1551 | D:3      | Reached XP level 5. HP: 41/48 MP: 4/4
  1703 | D:3      | Noticed an ice beast
  1713 | D:3      | Killed an ice beast
  2003 | D:3      | Noticed Grinder
  2011 | D:3      | Killed Grinder
  2011 | D:3      | Reached * piety under Okawaru
  2012 | D:3      | Reached skill level 5 in Axes
  2012 | D:3      | Reached skill level 5 in Armour
  2012 | D:3      | Reached XP level 6. HP: 51/57 MP: 5/5
  2084 | D:4      | You fall into a shaft and drop 1 floor!
  2084 | D:5      | Entered Level 5 of the Dungeon
  2095 | D:5      | Reached skill level 5 in Shields
  2143 | D:5      | Reached XP level 7. HP: 37/64 MP: 3/6
  2275 | D:5      | Found a glowing drain.
  2294 | Sewer    | Entered a sewer
  2523 | Sewer    | Reached ** piety under Okawaru
  2708 | D:4      | Reached skill level 1 in Invocations
  2849 | D:4      | Reached XP level 8. HP: 73/73 MP: 7/7
  3542 | D:5      | Found Xutaal's General Store.
  3551 | D:5      | Bought a scroll of brand weapon for 114 gold pieces
  4293 | D:5      | Reached *** piety under Okawaru
  4380 | D:6      | Noticed Blork the orc
  4388 | D:6      | Killed Blork the orc
  4580 | D:6      | Reached XP level 9. HP: 81/82 MP: 10/10
  4643 | D:6      | Found a white marble altar of Elyvilon.
  4649 | D:6      | Found a blossoming altar of Fedhas.
  4649 | D:6      | Found a glowing silver altar of Zin.
  4649 | D:6      | Found a hazy altar of Hepliaklqana.
  4654 | D:6      | Found an opulent altar of Gozag.
  4764 | D:6      | Noticed Pikel
  4778 | D:6      | Killed Pikel
  4779 | D:6      | Reached skill level 1 in Throwing
  4912 | D:6      | Reached **** piety under Okawaru
  5243 | D:6      | Noticed Menkaure
  5246 | D:6      | Noticed Dowan
  5246 | D:6      | Noticed Duvessa
  5257 | D:6      | Killed Menkaure
  5259 | D:6      | Killed Duvessa
  5265 | D:6      | Killed Dowan
  5752 | D:7      | Found Yddi Wirehij's Magic Scroll Shop.
  5772 | D:7      | Bought a scroll of enchant armour for 90 gold pieces
  5807 | D:7      | Found a flagged portal.
  5814 | Bailey   | Entered a bailey
  6324 | Bailey   | Noticed an orc knight
  6324 | Bailey   | Noticed an orc knight
  6331 | Bailey   | Slain by an orc knight

Illustrated notes

Levels and vault maps discovered:
D:1:      lemuel_arrival_river_ford, layout_loops_ring
D:2:      layout_rooms, basic_altar, minmay_misc_feat_five
D:3:      layout_loops_ring, hellmonk_ecumenical_altar_slurped_away,
          uniq_natasha, uniq_grinder
D:4:      layout_loops_ring
D:5:      layout_gridville, serial_shops, shop, portal_sewer_entry_b
D:6:      layout_basic, minitemple, uniq_pikel, uniq_blork_the_orc,
          uniq_duvessa, uniq_menkaure
D:7:      layout_cave_pools, okawaru_gym_becter, minmay_temple_entry_wispy,
          enter_bailey_3, serial_shops, nicolae_shop_trees, shop_statue, shop,
          shop, shop, minmay_mini_ossuary
Bailey:   bailey_polearm_2, bailey

Skill      XL: |  1  2  3  4  5  6  7  8  9 |
---------------+----------------------------+-----
Fighting       | 4 5 6 7 8 9 |  9.9
Axes           | 3 4 5 6 8 9 |  9.5
Armour         | 4 5 6 7 |  7.4
Shields        | 4 5 6 7 |  7.4
Invocations    | 1 2 4 |  4.0
Throwing       | 2 |  2.5

Action                   |  1- 3 |  4- 6 |  7- 9 || total
-------------------------+-------+-------+-------++-------
Melee: War axe           |    75 |    56 |   315 ||   446
       Headbutt          |     6 |     9 |    62 ||    77
Invok: Heroism           |       |     1 |     4 ||     5
       Finesse           |       |       |     1 ||     1
  Use: Scroll            |     3 |     3 |    15 ||    21
       Potion            |       |     1 |     1 ||     2
Armor: Scale mail        |    55 |    23 |    65 ||   143
       Chain mail        |       |       |   143 ||   143
Dodge: Dodged            |    42 |    44 |   259 ||   345
Block: Buckler           |    21 |    19 |   135 ||   175

Table legend: (Time is in decaauts)
 A = Elapsed time spent in this place.
 B = Non-inter-level travel time spent in this place.
 C = Inter-level travel time spent in this place.
 D = Time resting spent in this place.
 E = Time spent auto-exploring this place.
 F = Levels seen in this place.
 G = Mean time per level.
                   A        B        C        D        E       F      G
               +--------+--------+--------+--------+--------+-----+--------+
         Total |   6616 |   6513 |    103 |    571 |   3454 |   9 |  735.1 |
       Dungeon |   5626 |   5523 |    103 |    459 |   3416 |   7 |  803.7 |
         Sewer |    365 |    365 |      0 |      0 |     19 |   1 |  365.0 |
        Bailey |    625 |    625 |      0 |    112 |     19 |   1 |  625.0 |
               +--------+--------+--------+--------+--------+-----+--------+

Top non-repeatable levels by time:
     D:6: 1383 daAuts
     D:5: 1200 daAuts
     D:3: 917 daAuts
     D:4: 844 daAuts
     D:1: 771 daAuts
  Bailey: 625 daAuts
     D:2: 445 daAuts
   Sewer: 365 daAuts
     D:7: 63 daAuts
